 Dungeon Crawl Stone Soup version 0.30.1-4-g462c640d31 (webtiles) character file.

Game seed: 7105582677320233831

1113 arglypuff the Covered (level 8, -4/49 HPs)
             Began as a Gargoyle Fighter on Sept 10, 2023.
             Slain by Duvessa
             ... wielding a +0 short sword
              (8 damage)
             ... on level 6 of the Dungeon.
             The game lasted 00:08:15 (5031 turns).

arglypuff the Covered (Gargoyle Fighter)            Turns: 5031, Time: 00:08:16

Health: -4/49      AC: 16    Str: 22    XL:     8   Next: 33%
Magic:  17/17      EV: 15    Int:  9    God:
Gold:   185        SH:  4    Dex:  9    Spells: 7/7 levels left

rFire   . . .        u - +2 hand axe "Plog" {flame, +Blink Fly rElec Will-}
rCold   . . .        c - +0 buckler
rNeg    + . .        b - +0 scale mail
rPois   ∞            o - +1 hat
rElec   +            (no cloak)
rCorr   .            A - +0 pair of gloves
SInv    .            y - +0 pair of boots
Will    .....        (no amulet) Stlth
                     n - +5 ring of evasion
HPRegen 0.28/turn    k - ring of magical power
MPRegen 0.15/turn

%: no passive effects
@: lit by a corona, flying, glowing
A: sickness immunity, AC +5, negative energy resistance 1, electricity
resistance, torment resistance 1, petrification resistance
a: Evoke Blink


You were on level 6 of the Dungeon.
You visited 2 branches of the dungeon, and saw 7 of its levels.

You collected 185 gold pieces.

Inventory:

Hand Weapons
 a - a +0 flail
 u - the +2 hand axe "Plog" (weapon) {flame, +Blink Fly rElec Will-}
   (You found it on level 3 of the Dungeon)

   rElec:     It insulates you from electricity.
   Fly:       It grants you flight.
   +Blink:    It lets you blink.
   Will:      It decreases your willpower.
Missiles
 q - 2 boomerangs (quivered)
Armour
 b - a +0 scale mail (worn)
 c - a +0 buckler (worn)
 o - a +1 hat (worn)
 y - a +0 pair of boots (worn)
 A - a +0 pair of gloves (worn)
 D - a +0 plate armour
Jewellery
 d - a ring of magical power
 k - a ring of magical power (right hand)
 n - a +5 ring of evasion (left hand)
Scrolls
 f - a scroll of magic mapping {unknown}
 g - 3 scrolls of identify {unknown}
 h - 3 scrolls of enchant weapon {unknown}
 i - 5 scrolls of noise {unknown}
 j - 3 scrolls of fog {unknown}
 l - 2 scrolls of acquirement {unknown}
 m - a scroll of fear {unknown}
 s - a scroll of poison {unknown}
 t - a scroll of silence {unknown}
 w - a scroll of teleportation {unknown}
 x - 2 scrolls of blinking {unknown}
 B - a scroll of brand weapon {unknown}
Potions
 e - 2 potions of haste {unknown}
 p - 2 potions of attraction {unknown}
 r - a potion of cancellation {unknown}
 v - a potion of degeneration {unknown}
 z - a potion of might
 C - a potion of mutation {unknown}
 E - a potion of curing
 F - a potion of ambrosia {unknown}


   Skills:
 + Level 5.2 Fighting
 + Level 4.5(5.1) Axes
 + Level 4.0(5.2) Maces & Flails
 + Level 5.7 Armour
 + Level 2.2 Dodging
 + Level 0.9 Stealth
 + Level 4.6 Shields


You had 7 spell levels left.
You didn't know any spells.
Your spell library contained the following spells:

 Spells                   Type           Power      Damage    Failure   Level
 Freeze                   Ice            0%         1d3       77%         1
 Frozen Ramparts          Ice            0%         1d1       98%         3
 Hailstorm                Conj/Ice       0%         3d3       98%         3
 Inner Flame              Hex/Fire       0%         N/A       98%         3
 Flame Wave               Conj/Fire      0%         2d4       100%        4
 Sticky Flame             Conj/Fire      0%         2d3       100%        4


Dungeon Overview and Level Annotations

Branches:
Dungeon (6/15)             Temple (1/1) D:4

Altars:
Ashenzari
Cheibriados
Dithmenos
Elyvilon
Fedhas
Gozag
Hepliaklqana
Kikubaaqudgha
Makhleb
Okawaru
Qazlal
Ru
Sif Muna
Trog
Uskayaw
Vehumet
Wu Jian
Xom
Yredelemnul
Zin

Shops:
D:3 [

Annotations:
D:6 Duvessa


Innate Abilities, Weirdness & Mutations

You are immune to sickness and miasma.
Your stone body is resilient. (AC +5)
You are immune to poison.
You resist negative energy. (rN+)
You are resistant to electric shocks. (rElec)
You are resistant to unholy torment.
You are immune to petrification.


Message History

Duvessa is heavily wounded.
You block Duvessa's attack.
You hit Duvessa. You burn Duvessa.
Duvessa is heavily wounded.
Duvessa hits you but does no damage. Duvessa hits you with a +0 short sword.
You hit Duvessa. You burn Duvessa.
Duvessa is heavily wounded.
Duvessa hits you with a +0 short sword.
* * * LOW HITPOINT WARNING * * *
Duvessa hits you with a +0 short sword.
* * * LOW HITPOINT WARNING * * *
You barely miss Duvessa.
Duvessa is heavily wounded.
Duvessa barely misses you.
You hit Duvessa. You burn Duvessa.
Duvessa is severely wounded.
Duvessa misses you. Duvessa closely misses you.
You hit Duvessa but do no damage.
Duvessa is severely wounded.
Duvessa hits you but does no damage.
You hit Duvessa but do no damage.
Duvessa is severely wounded.
Duvessa hits you but does no damage. Duvessa barely misses you.
You hit Duvessa but do no damage.
Duvessa is severely wounded.
Duvessa misses you. You block Duvessa's attack.
You hit Duvessa but do no damage.
Duvessa is severely wounded.
You block Duvessa's attack.
You hit Duvessa but do no damage.
Duvessa is severely wounded.
Duvessa misses you. Duvessa hits you with a +0 short sword!
* * * LOW HITPOINT WARNING * * *
You closely miss Duvessa.
Duvessa is severely wounded.
You block Duvessa's attack.
You closely miss Duvessa.
Duvessa is severely wounded.
Duvessa hits you with a +0 short sword!
You die...

.... . .... ... ####### ...#
....##.....# ...#
....>......##########
...########....e@............#
...##_..._##....)...(........#
...##~#'#≈##.................#
....###.###..##..............#
#'#))...#######.........†....#
..#.....#....#########.......#
..#.....#....##.....##.......#
..#.....'....#......##.......##..
..#.....#....'...................


You could see Duvessa (berserk, fast).

Vanquished Creatures
  Grinder (D:5)
  A black bear (D:5)
  The ghost of Kranky the Unbeliever, an amateur DsWn (D:3)
  An ogre (D:6)
  A phantom (D:6)
  A bullfrog (D:3)
  Dowan (D:6)
  6 hounds
  2 jellies (D:5)
  A sleepcap (D:5)
  2 iguanas
  4 gnolls
  5 adders
  A river rat (D:3)
  3 dart slugs
  2 worms
  7 orcs
  7 bats
  5 endoplasms
  4 giant cockroaches
  4 hobgoblins
  4 quokkas
  7 ball pythons
  3 frilled lizards
  6 goblins
  5 kobolds
  5 rats
90 creatures vanquished.

Notes
Turn   | Place    | Note
-------+----------+-------------------------------------------
     0 | D:1      | arglypuff the Gargoyle Fighter began the quest for the Orb.
     0 | D:1      | Reached XP level 1. HP: 14/14 MP: 1/1
   220 | D:1      | Reached XP level 2. HP: 19/19 MP: 2/2
   544 | D:1      | Reached XP level 3. HP: 23/23 MP: 3/3
  1109 | D:2      | Reached XP level 4. HP: 27/29 MP: 4/4
  1126 | D:2      | Found a faded altar of an unknown god.
  2152 | D:3      | Identified the +2 hand axe "Plog" {flame, +Blink Fly rElec
                  | Will-}
  2164 | D:3      | Reached XP level 5. HP: 33/33 MP: 5/5
  2183 | D:3      | Found a runed translucent door.
  2186 | D:3      | Noticed Kranky's ghost (amateur DsWn)
  2204 | D:3      | Found a runed translucent door.
  2303 | D:3      | Found Xuingik's Antique Armour Emporium.
  2602 | D:3      | Reached skill level 1 in Axes
  2602 | D:3      | Reached XP level 6. HP: 25/38 MP: 6/6
  2610 | D:3      | Killed Kranky's ghost
  2611 | D:3      | Reached skill level 1 in Dodging
  3007 | D:4      | Found a staircase to the Ecumenical Temple.
  3062 | Temple   | Entered the Ecumenical Temple
  3979 | D:5      | Entered Level 5 of the Dungeon
  3991 | D:5      | Noticed Grinder
  4040 | D:5      | Killed Grinder
  4041 | D:5      | Reached XP level 7. HP: 22/44 MP: 7/7
  4059 | D:5      | HP: 2/44 [iguana (7)]
  4261 | D:5      | Reached skill level 5 in Fighting
  4261 | D:5      | Reached skill level 5 in Armour
  4342 | D:5      | Found a hide-covered altar of Uskayaw.
  4471 | D:5      | Reached XP level 8. HP: 45/49 MP: 8/8
  4933 | D:6      | Found a bloodstained altar of Trog.
  4933 | D:6      | Found an ornate altar of the Wu Jian Council.
  5002 | D:6      | Noticed Dowan
  5003 | D:6      | Noticed Duvessa
  5015 | D:6      | Killed Dowan
  5031 | D:6      | Slain by Duvessa

Illustrated notes

Levels and vault maps discovered:
D:1:      minmay_arrival_hallway, layout_basic
D:2:      layout_basic, shapermc_ecumenical_altar_hornbeckon
D:3:      layout_loops_ring, serial_shops, nicolae_square_shop,
          ebering_ghost_sewer_f, serial_bayou_pond_a,
          kennysheep_cross_bottleneck
D:4:      layout_basic, minmay_temple_entry_glassed_door
D:5:      layout_cave_pools, nicolae_uskayaw_dance_hall,
          minmay_misc_feat_more_columns, dk_rats_in_the_wall, uniq_grinder
D:6:      layout_gridville, gammafunk_temple_overflow_elements,
          hellmonk_bongcloud_opening, uniq_duvessa, uniq_sigmund
Temple:   nicolae_temple_bog_church

Skill      XL: |  1  2  3  4  5  6  7  8 |
---------------+-------------------------+-----
Armour         | 4 5 |  5.7
Fighting       | 4 5 |  5.2
Maces & Flails | 3 4 |  4.0
Axes           | 1 3 4 |  4.5
Shields        | 4 |  4.6
Dodging        | 1 2 |  2.2
Stealth        | |  0.9

Action                     |  1- 3 |  4- 6 |  7- 9 || total
---------------------------+-------+-------+-------++-------
  Melee: Flail             |    89 |    51 |       ||   140
         Hand axe          |       |   102 |    90 ||   192
    Use: Potion            |       |     1 |       ||     1
 Armour: Scale mail        |    71 |    41 |    43 ||   155
  Dodge: Dodged            |    58 |   110 |    57 ||   225
  Block: Buckler           |    24 |    33 |    12 ||    69
